 Dungeon Crawl Stone Soup version 0.23.2-33-g5129a83 (webtiles) character file.

Game seed: 10012825301856685310

69 Aphrodieselac the Charmwright (level 4, -10/33 HPs)
             Began as a Merfolk Skald on Aug 5, 2019.
             Mangled by an ogre
             ... wielding a +0 giant club
              (20 damage)
             ... on level 4 of the Dungeon.
             The game lasted 00:06:23 (2010 turns).

Aphrodieselac the Charmwright (Merfolk Skald)       Turns: 2010, Time: 00:06:23

Health: -10/33     AC:  4    Str: 11    XL:     4   Next: 20%
Magic:  0/7        EV: 12    Int: 13    God:
Gold:   76         SH:  0    Dex: 13    Spells: 2/7 levels left

rFire    . . .     SeeInvis .   a - +0 spear
rCold    . . .     Gourm    .   (no shield)
rNeg     . . .     Faith    .   b - +0 leather armour
rPois    .         Spirit   .   (no helmet)
rElec    .         Reflect  .   (no cloak)
rCorr    .         Harm     .   f - +0 pair of gloves
MR       .....                  (no boots)
Stlth    +.........             (no amulet)
HPRegen  0.11/turn              (no ring)
MPRegen  0.10/turn              (no ring)

@: shrouded (expiring), infused
A: change form in water, swift swim, stealthy swim
a: no special abilities


You were on level 4 of the Dungeon.
You were not hungry.

You visited 1 branch of the dungeon, and saw 4 of its levels.

You collected 76 gold pieces.

Inventory:

Hand Weapons
 a - a +0 spear (weapon)
Missiles
 n - 5 curare-tipped needles
 p - 7 javelins (quivered)
Armour
 b - a +0 leather armour (worn)
 f - a +0 pair of gloves (worn)
Scrolls
 e - a scroll of enchant armour {unknown}
 j - 3 scrolls of identify {unknown}
 m - 2 scrolls of teleportation {unknown}
 o - a scroll of random uselessness {unknown}
Potions
 g - a potion of brilliance {unknown}
 h - a potion of curing {unknown}
 i - a potion of magic {unknown}
 k - a potion of ambrosia {unknown}
 l - 2 potions of might {unknown}
Comestibles
 d - 4 rations


   Skills:
 - Level 2.1 Fighting
 + Level 4.3 Polearms
 - Level 0.6 Armour
 - Level 2.6 Dodging
 - Level 2.0 Spellcasting
 * Level 4.8 Charms


You had 2 spell levels left.
You knew the following spells:

 Your Spells              Type           Power        Failure   Level  Hunger
a - Infusion              Chrm           ##..         4%          1    ##.....
b - Song of Slaying       Chrm           ##......     7%          2    ###....
c - Shroud of Golubria    Chrm/Tloc      #.........   19%         2    ###....

Your spell library contained the following spells:

 Spells                   Type           Power        Failure   Level  Hunger
 Regeneration             Chrm/Necr      #.........   36%         3    ####...
 Spectral Weapon          Hex/Chrm       #.......     36%         3    ####...


Dungeon Overview and Level Annotations

Branches:
Dungeon (4/15)
 Temple: D:4-7

Altars:


Message History

The ogre is heavily wounded.
You hit the ogre.
The ogre is severely wounded.
The ogre closely misses you.
You hit the ogre.
The ogre is severely wounded.
You hit the ogre.
The ogre is almost dead.
Your shroud begins to fray at the edges.
The ogre barely misses you.
You hit the ogre but do no damage.
The ogre is almost dead.
Your shroud bends the ogre's attack away!
You closely miss the ogre.
The ogre is almost dead.
You hit the ogre but do no damage.
The ogre is almost dead.
The ogre hits you with a +0 giant club!!
Ouch! That really hurt!
You die...

#.# .# #.#
.## ......
.....
##.#.#
..####....#
..>....O.%#
#.@[# ##.##
#.# ..# ..#
##.# #.#
#.#


You could see an ogre.

Vanquished Creatures
  2 adders (D:2)
  3 dart slugs
  2 leopard geckos (D:1)
  An orc (D:2)
  3 giant cockroaches
  6 goblins (D:1)
  5 hobgoblins
  4 kobolds
  6 bats
  4 frilled lizards
  5 rats (D:1)
41 creatures vanquished.

Notes
Turn   | Place    | Note
-------+----------+-------------------------------------------
     0 | D:1      | Aphrodieselac the Merfolk Skald began the quest for the
                  | Orb.
     0 | D:1      | Reached XP level 1. HP: 16/16 MP: 3/3
   188 | D:1      | Reached XP level 2. HP: 21/22 MP: 5/5
   636 | D:1      | Reached XP level 3. HP: 27/27 MP: 6/6
   681 | D:1      | Learned a level 2 spell: Song of Slaying
   684 | D:1      | Learned a level 2 spell: Shroud of Golubria
  1814 | D:2      | Reached XP level 4. HP: 33/33 MP: 3/7
  1982 | D:2      | You fall through a shaft!
  1996 | D:4      | Noticed an ogre
  2010 | D:4      | Mangled by an ogre

Skill      XL: |  1  2  3 |
---------------+----------+-----
Charms         | 4 |  4.8
Polearms       | 4 |  4.3
Fighting       | |  2.1
Armour         | |  0.6
Dodging        | |  2.6
Spellcasting   | |  2.0

Action                   |  1- 3 |  4- 6 || total
-------------------------+-------+-------++-------
Melee: Spear             |   147 |    22 ||   169
 Cast: Infusion          |     2 |     1 ||     3
       Shroud of Golubri |       |     1 ||     1
  Eat: Chunk             |     3 |     1 ||     4
Armor: Leather armour    |    24 |     2 ||    26
Dodge: Dodged            |    75 |     7 ||    82
